 Dungeon Crawl Stone Soup version 0.31-a0-1611-g890cdf5628 (webtiles) character file.

Game seed: 13892154320067492018

364 innerfire43 the Poker (level 6, -1/49 HPs)
             Began as a Demonspawn Wanderer on Jan 8, 2024.
             Succumbed to Duvessa's poison
             ... on level 4 of the Dungeon.
             The game lasted 00:05:12 (3203 turns).

innerfire43 the Poker (Demonspawn Wanderer)         Turns: 3203, Time: 00:05:13

Health: -1/49      AC:  9    Str: 22    XL:     6   Next: 39%
Magic:  9/9        EV: 11    Int: 10    God:
Gold:   132        SH:  4    Dex: 13    Spells: 9/9 levels left

rFire   . . .        a - +3 spear
rCold   . . .        (no shield)
rNeg    . . .        d - +0 leather armour
rPois   .            o - +0 helmet
rElec   .            (no cloak)
rCorr   .            m - +0 pair of gloves
SInv    .            l - +1 pair of boots
Will    +....        (no amulet)
Stlth   +            n - ring of wizardry
HPRegen 0.28/turn    i - +6 ring of strength
MPRegen 0.11/turn

%: wizardry (x1)
@: lethally poisoned (-1 -> -20), enlightened, flying
A: thin metallic scales 2, condensation shield, demonic magic 1, deformed body,
mutation resistance 1, wild magic 1
a: no special abilities


You were on level 4 of the Dungeon.
You visited 1 branch of the dungeon, and saw 4 of its levels.

You collected 132 gold pieces.

Inventory:

Hand Weapons
 a - a +3 spear (weapon)
 j - a +0 spear of venom
Armour
 d - a +0 leather armour (worn)
 e - a scarf of shadows
 l - a +1 pair of boots (worn)
 m - a +0 pair of gloves (worn)
 o - a +0 helmet (worn)
Jewellery
 g - a ring of ice
 h - a ring of see invisible
 i - a +6 ring of strength (right hand)
 n - a ring of wizardry (left hand)
 s - a +6 ring of intelligence
Wands
 b - a wand of polymorph (22) (quivered)
 q - a wand of flame (19)
Scrolls
 p - a scroll of vulnerability
Potions
 k - a potion of brilliance


   Skills:
 * Level 4.5 Fighting
 + Level 4.7 Polearms
 + Level 3.0 Armour
 - Level 2.0 Spellcasting
 - Level 2.0 Conjurations
 - Level 1.0 Evocations


You had 9 spell levels left.
You didn't know any spells.
Your spell library contained the following spells:

 Spells                   Type           Power      Damage    Failure   Level
 Momentum Strike          Conj/Tloc      6%         3d8       19%         2
 Static Discharge         Conj/Air       6%         3-4/arc   19%         2


Dungeon Overview and Level Annotations

Branches:
Dungeon (4/15)
 Temple: D:4-7

Altars:
Hepliaklqana
Ru
Xom

Annotations:
D:4 Duvessa


Innate Abilities, Weirdness & Mutations

You are mostly covered in thin metallic scales. (AC +3)
A meltable shield of frost defends you. (SH +4)
Spells you cast may paralyse adjacent enemies.
Armour fits poorly on your strangely shaped body.
You are somewhat resistant to further mutation.
Your spells are a little harder to cast, but a little more powerful.


Message History

You hit Duvessa.
Duvessa is lightly wounded.
You feel sick. Duvessa misses you.
You hit Duvessa.
Duvessa is lightly wounded.
You feel sick.
You hit Duvessa.
Duvessa is lightly wounded.
You feel sick. You block Duvessa's attack.
You hit Duvessa but do no damage.
Duvessa is lightly wounded.
You feel sick.
Duvessa hits you with a +0 short sword of venom.
You are more poisoned.
You barely miss Duvessa.
Duvessa is lightly wounded.
You feel very sick. Duvessa barely misses you.
You closely miss Duvessa.
Duvessa is lightly wounded.
You feel sick.
Duvessa hits you with a +0 short sword of venom.
* * * LOW HITPOINT WARNING * * *
You are lethally poisoned!
You hit Duvessa.
Duvessa is moderately wounded.
* * * LOW HITPOINT WARNING * * *
You feel very sick. Duvessa hits you but does no damage.
You are more poisoned.
You barely miss Duvessa.
Duvessa is moderately wounded.
* * * LOW HITPOINT WARNING * * *
You feel very sick. You block Duvessa's attack.
Okay, then.
As you read the scroll of butterflies, it crumbles to dust.
You hear the flapping of tiny wings.
Duvessa is knocked back by the sudden gust.
You die...

#.......).........
#.##..............
#.##.########.###.
#.##># #.....
#.##.# #####.
#b##.# #. # #b##.#
#. #. #b##.# #.
#..##@##.##### #.


#.bbbbbbbbb... #. ##bbbbbbbbb... .. ###b#bbe##... .. #.##bb# # #.# bb# ..# ....
.## .###. #. .# You could see Duvessa (ally target).

Vanquished Creatures
  An ogre (D:4)
  A bombardier beetle (D:2)
  A gnoll bouda (D:4)
  An iguana (D:3)
  Robin (D:4)
  4 gnolls (D:4)
  8 adders
  2 dart slugs (D:3)
  4 endoplasms
  2 giant cockroaches
  15 goblins
  7 hobgoblins
  2 jackals (D:2)
  2 quokkas
  7 ball pythons
  2 bats (D:2)
  3 frilled lizards
  4 kobolds
  4 rats
71 creatures vanquished.

Notes
Turn   | Place    | Note
-------+----------+-------------------------------------------
     0 | D:1      | innerfire43 the Demonspawn Wanderer began the quest for the
                  | Orb.
     0 | D:1      | innerfire43 set off with the following items: a +2 spear, a
                  | wand of polymorph (7), a scroll of butterflies, a +0
                  | leather armour; and the following spells available to
                  | memorise: Momentum Strike, Static Discharge.
     0 | D:1      | Reached XP level 1. HP: 13/13 MP: 3/3
   231 | D:1      | Reached skill level 1 in Fighting
   252 | D:1      | Gained mutation: A meltable shield of frost defends you.
                  | (SH +4) [demonic ancestry]
   252 | D:1      | Reached XP level 2. HP: 21/21 MP: 5/5
  1160 | D:2      | HP: 1/22 [poisoned by an adder]
  1167 | D:2      | Gained mutation: Spells you cast may paralyse adjacent
                  | enemies. [demonic ancestry]
  1167 | D:2      | Reached XP level 3. HP: 19/27 MP: 6/6
  1322 | D:2      | Gained mutation: You are partially covered in thin metallic
                  | scales. (AC +2) [demonic ancestry]
  1322 | D:2      | Reached XP level 4. HP: 30/34 MP: 7/7
  1917 | D:3      | Found a sacrificial altar of Ru.
  1946 | D:3      | Found a shimmering altar of Xom.
  2197 | D:3      | Gained mutation: You are mostly covered in thin metallic
                  | scales. (AC +3) [demonic ancestry]
  2197 | D:3      | Reached XP level 5. HP: 41/41 MP: 8/8
  2788 | D:4      | Noticed Robin
  2813 | D:4      | Killed Robin
  2817 | D:4      | Noticed an ogre
  2830 | D:4      | Gained mutation: Your spells are a little harder to cast,
                  | but a little more powerful. [potion of mutation]
  2830 | D:4      | Gained mutation: Armour fits poorly on your strangely
                  | shaped body. [potion of mutation]
  2830 | D:4      | Gained mutation: You are somewhat resistant to further
                  | mutation. [potion of mutation]
  2837 | D:4      | Killed an ogre
  2838 | D:4      | Reached XP level 6. HP: 6/48 MP: 9/9
  2847 | D:4      | Found a hazy altar of Hepliaklqana.
  3191 | D:4      | Noticed Duvessa
  3203 | D:4      | Succumbed to Duvessa's poison

Illustrated notes

Levels and vault maps discovered:
D:1:      lemuel_arrival_hallway, layout_basic, columned_hall_lemuel,
          minmay_misc_feat_x
D:2:      layout_loops_corners, serial_bayou_pond_a, minmay_distorted
D:3:      layout_basic, nicolae_ru_awakened_eye, xom_butterflies,
          chequers_serial_rivers_small_b
D:4:      layout_loops_ring, mainiacjoe_overflow_cross_hatched,
          minmay_pentangle, uniq_robin, uniq_grinder, uniq_duvessa

Skill      XL: |  1  2  3  4  5  6 |
---------------+-------------------+-----
Fighting       | 1 2 3 4 |  4.5
Polearms       | 4 |  4.7
Armour         | 2 3 |  3.0
Spellcasting   | |  2.0
Conjurations   | |  2.0
Evocations     | |  1.0

Action                     |  1- 3 |  4- 6 || total
---------------------------+-------+-------++-------
  Melee: Spear             |    69 |   196 ||   265
    Use: Scroll            |     3 |     7 ||    10
         Potion            |     2 |     3 ||     5
   Stab: Sleeping          |     1 |     3 ||     4
 Armour: Leather armour    |    24 |   115 ||   139
  Dodge: Dodged            |    12 |   101 ||   113
  Block: Other             |     3 |    31 ||    34

Table legend: (Time is in decaauts)
 A = Elapsed time spent in this place.
 B = Non-inter-level travel time spent in this place.
 C = Inter-level travel time spent in this place.
 D = Time resting spent in this place.
 E = Time spent auto-exploring this place.
 F = Levels seen in this place.
 G = Mean time per level.
                   A        B        C        D        E       F      G
               +--------+--------+--------+--------+--------+-----+--------+
         Total |   3174 |   3076 |     98 |      0 |   2503 |   4 |  793.5 |
       Dungeon |   3174 |   3076 |     98 |      0 |   2503 |   4 |  793.5 |
               +--------+--------+--------+--------+--------+-----+--------+

Top non-repeatable levels by time:
     D:2: 1023 daAuts
     D:1: 882 daAuts
     D:3: 778 daAuts
     D:4: 490 daAuts
